 Dungeon Crawl Stone Soup version 0.26-a0-639-g72c4674329 (webtiles) character file.

Game seed: 16081236008717421298

21 Kaptain the Digger (level 2, -3/27 HPs)
             Began as an Octopode Earth Elementalist on Sept 20, 2020.
             Killed from afar by Natasha (10 damage)
             ... with a magic dart
             ... on level 2 of the Dungeon.
             The game lasted 00:03:03 (821 turns).

Kaptain the Digger (Octopode Earth Elementalist)     Turns: 821, Time: 00:03:04

Health: -3/27      AC: 21    Str:  7    XL:     2   Next: 83%
Magic:  0/5        EV:  2    Int: 17    God:
Gold:   75         SH:  0    Dex: 12    Spells: 4/5 levels left

rFire    + . .     SeeInvis .   a - +0 short sword
rCold    . . .     Faith    .   (no shield)
rNeg     + + +     Spirit   .   (helmet currently unavailable)
rPois    +         Reflect  .   (no amulet)
rElec    .         Harm     .   c - ring of protection from fire
rCorr    .         Rampage  .   (no ring)
MR       .....     NoTele   +   (no ring)
Stlth    ++........             (no ring)
HPRegen  0.09/turn              (no ring)
MPRegen  0.09/turn              (no ring)
                                (no ring)
                                (no ring)

@: tree-form, slowed, very slow
A: almost no armour, stealthy swim, (amphibious), 8 rings, (constrict 8)
a: no special abilities


You were on level 2 of the Dungeon.
You were a tree.
You visited 1 branch of the dungeon, and saw 2 of its levels.

You collected 75 gold pieces.

Inventory:

Hand Weapons
 a - a +0 short sword (weapon)
Missiles
 b - 34 stones (quivered)
Jewellery
 c - a ring of protection from fire (left branch)
Scrolls
 e - a scroll of enchant armour {unknown}
 f - 4 scrolls of identify {unknown}
 g - a scroll of noise {unknown}
 h - a scroll of random uselessness {unknown}
Potions
 d - a potion of lignification


   Skills:
 + Level 0.5 Fighting
 + Level 2.1 Dodging
 + Level 3.0 Stealth
 * Level 2.4 Spellcasting
   Level 1.0 Transmutations
 * Level 3.3 Earth Magic


You had 4 spell levels left.
You knew the following spells:

 Your Spells              Type           Power        Failure   Level
a - Sandblast             Erth           ##....       4%          1

Your spell library contained the following spells:

 Spells                   Type           Power        Failure   Level
 Passwall                 Tmut/Erth      #.......     12%         2
 Stone Arrow              Conj/Erth      #.....       28%         3
 Petrify                  Tmut/Erth      #.......     58%         4
 Lee's Rapid Deconstruct  Erth           ##........   80%         5


Dungeon Overview and Level Annotations

Branches:
Dungeon (2/15)

Altars:
Qazlal
Vehumet
Xom
The Shining One

Annotations:
D:2 Natasha


Innate Abilities, Weirdness & Mutations

You cannot wear most types of armour.
You are very stealthy in the water. (Stealth+)
((You are amphibious.))
You can wear up to eight rings at the same time.
((You can use your tentacles to constrict eight enemies at once.))
((Your skin changes colour to match your surroundings (Stealth+).))
((Your rubbery body absorbs attacks. (AC +1, EV +1)))


Message History

Natasha claws you but does no damage.
Unknown command.
You closely miss Natasha.
Natasha is moderately wounded.
Natasha stares at you and mumbles some strange words.
The magic dart hits you but does no damage.
The iron imp hits you but does no damage.
Natasha claws you but does no damage.
Casting: Sandblast (safe; 4% risk of failure)
Confirm with . or Enter, or press ? or * to list all spells.
Aiming: Sandblast (safe; 4% risk of failure)
Press: ? - help, Shift-Dir - straight line, f/p - Natasha
Aim: Natasha (moderately wounded)
The blast of sand hits Natasha!
Natasha is almost dead.
b - 34 stones The iron imp hits you but does no damage.
Natasha casts a spell at you. The magic dart hits you!
You die...

.[.#.....##
..........##
#.........#
#.........#
#.........#
.#.........#
..?...5h...#
.......♣..##
##........(#
.[>......<.#
...........#
.#......)..#
#.........#
##.......##
##.....##
#.#####


You could see an iron imp (summoned) and Natasha.

Vanquished Creatures
  An ooze (D:1)
  A giant cockroach (D:1)
  3 goblins (D:1)
  2 hobgoblins (D:1)
  A ball python (D:1)
  3 bats (D:1)
  A frilled lizard (D:1)
  3 kobolds
  2 rats (D:1)
17 creatures vanquished.

Notes
Turn   | Place    | Note
-------+----------+-------------------------------------------
     0 | D:1      | Kaptain the Octopode Earth Elementalist began the quest for
                  | the Orb.
     0 | D:1      | Reached XP level 1. HP: 11/11 MP: 3/3
   104 | D:1      | Reached XP level 2. HP: 18/18 MP: 5/5
   608 | D:1      | Found a basalt altar of Yredelemnul.
   610 | D:1      | Found a radiant altar of Vehumet.
   610 | D:1      | Found a stormy altar of Qazlal.
   612 | D:1      | Found a glowing golden altar of the Shining One.
   612 | D:1      | Found a glowing golden altar of the Shining One.
   612 | D:1      | Found a shimmering altar of Xom.
   808 | D:2      | Noticed Natasha
   821 | D:2      | Killed from afar by Natasha

Illustrated notes

Levels and vault maps discovered:
D:1:      wander_arrival_lonely_grave, layout_loops_ring, doesnt_xom_only_xom
D:2:      layout_rooms, lemuel_round_altar, minmay_misc_feat_iff,
          uniq_crazy_yiuf_cottage, uniq_natasha

Skill      XL: |  1  2 |
---------------+-------+-----
Stealth        | 3 |  3.0
Fighting       | |  0.5
Dodging        | |  2.1
Spellcasting   | |  2.4
Transmutations | |  1.0
Earth Magic    | |  3.3

Action                   || total
-------------------------++-------
Melee: Unarmed           ||     2
       Short sword       ||    19
       Constrict         ||     4
       Tentacles         ||     2
 Cast: Sandblast         ||    17
  Use: Potion            ||     1
 Stab: Sleeping          ||     3
Armor: Skin              ||    13
Dodge: Dodged            ||    19

Table legend: (Time is in decaauts)
 A = Elapsed time spent in this place.
 B = Non-inter-level travel time spent in this place.
 C = Inter-level travel time spent in this place.
 D = Time resting spent in this place.
 E = Time spent auto-exploring this place.
 F = Levels seen in this place.
 G = Mean time per level.
                   A        B        C        D        E       F      G
               +--------+--------+--------+--------+--------+-----+--------+
         Total |    823 |    782 |     41 |     61 |    579 |   2 |  411.5 |
       Dungeon |    823 |    782 |     41 |     61 |    579 |   2 |  411.5 |
               +--------+--------+--------+--------+--------+-----+--------+

Top non-repeatable levels by time:
     D:1: 808 daAuts
     D:2: 14 daAuts
